Map: Void Thrashing

Players

AznHopeful

  • Race: Zerg Zerg

Goldspike

  • Race: Terran Terran
  • Spawn Location: 6:00

VOD

Have the link to the VOD?

Description

Time

  • Played on: Jan. 19, 2018, 10:36 p.m.
  • Length: 13:22
Show
View Real Time Build Order
Export as new Build Order

AznHopeful Zerg 

Build Orders:  

Get SALT Encoding   

  12  0:03  Infested SCV  
  13  0:11  Infested SCV  
  13  0:14  Infested Colonist Compound  
  13  0:18  Infested SCV  
  15  0:31  Overlord  
  15  0:42  Infested Refinery  
  15  0:56  Infested SCV x2  
  17  1:05  Infested SCV  
  18  1:21  Infested SCV  
  19  1:46  Infested Command Center  
  19  1:51  Infested SCV  
  19  1:57  Infested SCV  
  21  2:10  Anaerobic Enhancement  
  21  2:13  Infested Refinery  
  21  2:18  Infested SCV  
  22  2:30  Infested Engineering Bay  
  22  2:39  Overlord  
  22  2:47  Infested SCV  
  23  3:05  Infested SCV  
  24  3:13  Broodling Gestation  
  24  3:20  Infested SCV  
  24  3:26  Infested Barracks  
  25  3:39  Infested SCV x2  
  27  3:47  Stukov Infantry Weapons Level 1  
  27  3:51  Infested SCV  
  28  4:01  Infested SCV x2  
  30  4:43  Infestation Level 1  
  30  5:01  Infested Command Center  
  30  5:03  Infested SCV  
  30  5:04  Infested SCV x7  
  38  5:17  Infested Barracks Tech Lab  
  38  5:30  Infested Factory  
  38  5:32  Infested SCV x3  
  41  5:46  Overlord  
  41  5:47  Overlord  
  41  5:59  Overlord x2  
  41  6:16  Plagued Munitions  
  41  6:56  Infestation Level 2  
  49  7:10  Infested Armory  
  49  7:18  Infested Bunker  
  49  7:19  Infested Bunker  
  57  8:04  Infested Bunker  
  57  8:06  Infested Bunker  
  65  8:14  Retinal Augmentation  
  65  8:16  Stukov Infantry Weapons Level 2  
  65  8:39  Overlord, Infested Barracks  
  65  8:41  Infested Barracks  
  65  8:52  Infested Bunker  
  65  8:54  Infested Bunker  
  65  8:59  Infestation Level 3  
  65  9:09  Infested Bunker  
  65  9:10  Infested Bunker  
  65  9:12  Infested Bunker x2  
  65  9:47  Infested Bunker  
  77  9:51  Infested Bunker  
  77  9:53  Infested Bunker  
  77  9:54  Infested Bunker  
  77  10:01  Infested Bunker  
  77  10:03  Infested Bunker  
  73  10:23  Overlord x2  
  73  10:24  Overlord x2  
  73  10:35  Infested Bunker  
  73  10:47  Infested Marine  
  73  10:48  Infested Marine x10  
  73  10:49  Infested Marine x21  
  105  10:50  Infested Marine x4  
  101  11:26  Infested Marine  
  101  11:27  Infested Marine x15  
  101  11:28  Infested Marine x14  
  115  11:35  Infested Bunker  
  110  11:45  Infested Marine  
  110  11:46  Infested Marine x12  
  110  11:47  Infested Marine x2  
  110  11:59  Infested Marine  
  98  12:00  Infested Marine x8  
Show
View Real Time Build Order
Export as new Build Order

Goldspike Terran 

Build Orders:  

Get SALT Encoding   

Tags
 
Commander
RaynorStukov
Matchup
Co-op
Replay Pack
Co-op Speedrun
Add a new tag
Caveats
  • Supply blocks, unpowered buildings, or Contaminate may cause inaccurate times.
  • Supply counts are checked every 10 seconds.